 Dungeon Crawl Stone Soup version 0.24-a0-271-ga0fc33f (webtiles) character file.

Game seed: 9762120076254958000

207 Laiders72 the Cudgeler (level 5, -3/47 HPs)
             Began as a Minotaur Berserker on Apr 23, 2019.
             Was a Priest of Trog.
             Killed by divine providence
             ... invoked by an orc priest
              (7 damage)
             ... on level 3 of the Dungeon.
             The game lasted 00:06:01 (1888 turns).

Laiders72 the Cudgeler (Minotaur Berserker)         Turns: 1888, Time: 00:06:02

Health: -3/47      AC:  9    Str: 22    XL:     5   Next: 54%
Magic:  4/4        EV: 13    Int:  4    God:    Trog [***...]
Gold:   134        SH:  3    Dex: 10    Spells: 4/4 levels left

rFire    . . .     SeeInvis .   a - +0 mace
rCold    . . .     Gourm    .   (no shield)
rNeg     . . .     Faith    .   l - +0 chain mail
rPois    .         Spirit   .   (helmet restricted)
rElec    .         Reflect  +   (no cloak)
rCorr    .         Harm     .   (no gloves)
MR       .....                  (no boots)
Stlth    ..........             m - +3 amulet of reflection
HPRegen  0.15/turn              g - +5 ring of evasion
MPRegen  0.09/turn              (no ring)

@: no status effects
A: retaliatory headbutt, horns 2
a: Berserk, Trog's Hand, Renounce Religion


You were on level 3 of the Dungeon.
You worshipped Trog.
Trog was most pleased with you.
You were not hungry.

You visited 1 branch of the dungeon, and saw 3 of its levels.

You collected 134 gold pieces.

Inventory:

Hand Weapons
 a - a +0 mace (weapon)
Armour
 l - a +0 chain mail (worn)
Jewellery
 g - a +5 ring of evasion (left hand)
 m - a +3 amulet of reflection (around neck)
Wands
 i - a wand of iceblast (19)
Scrolls
 b - 2 scrolls of identify
 h - a scroll of magic mapping {unknown}
 j - a scroll of teleportation {unknown}
Potions
 d - 2 potions of might {unknown}
 e - 4 potions of curing {unknown}
 f - a potion of invisibility {unknown}
 k - a potion of flight {unknown}
 o - a potion of heal wounds {unknown}
Comestibles
 c - 5 rations
 n - 6 chunks of flesh


   Skills:
 + Level 4.9 Fighting
 * Level 6.0 Maces & Flails
 + Level 4.0 Armour
 - Level 2.1 Dodging


You had 4 spell levels left.
You didn't know any spells.
Your spell library was empty.

Dungeon Overview and Level Annotations

Branches:
Dungeon (3/15)

Altars:


Innate Abilities, Weirdness & Mutations

You reflexively headbutt those who attack you in melee.
You have a pair of horns on your head.


Message History

You hit the orc priest but do no damage.
The orc priest is moderately wounded.
The orc priest hits you with a +0 short sword.
* * * LOW HITPOINT WARNING * * *
You hit the orc priest but do no damage.
The orc priest is moderately wounded.
The orc priest mumbles some strange prayers to Beogh against you.
Beogh smites you!
* * * LOW HITPOINT WARNING * * *
Your chain mail prevents you from hitting the orc priest.
Your headbutt misses the orc priest.
The orc priest is moderately wounded.
The orc priest closely misses you. You furiously retaliate!
You headbutt the orc priest!
An orc priest comes into view. It is wielding a +0 war axe.
You closely miss the orc priest. You headbutt the orc priest.
The orc priest is almost dead.
The orc priest calls down the wrath of Beogh upon you.
Beogh smites you!
You die...

#### #.o
#########o#
#......##@#
#.####.##.# #
#.##.....#.# #
#.##.#.##.##
########....#.#
##
##............#
##.#####.######
....####.#
......##.#


You could see 2 orc priests.

Vanquished Creatures
  2 jellies (D:3)
  2 adders (D:2)
  9 oozes (D:3)
  An adder skeleton (D:3)
  2 worms
  3 dart slugs
  6 orcs (D:3)
  3 ball pythons
  2 giant cockroaches
  7 hobgoblins
  5 jackals (D:1)
  A quokka (D:3)
  5 bats
  2 frilled lizards
  7 goblins
  14 kobolds
  3 rats
74 creatures vanquished.

Vanquished Creatures (others)
  A fungus (D:3)
  8 toadstools (D:3)
9 creatures vanquished.

Grand Total: 83 creatures vanquished

Notes
Turn   | Place    | Note
-------+----------+-------------------------------------------
     0 | D:1      | Laiders72 the Minotaur Berserker began the quest for the
                  | Orb.
     0 | D:1      | Reached XP level 1. HP: 19/19 MP: 0/0
    55 | D:1      | Reached skill level 4 in Maces & Flails
    55 | D:1      | Reached XP level 2. HP: 16/27 MP: 1/1
   520 | D:1      | Reached ** piety under Trog
   526 | D:1      | Reached XP level 3. HP: 30/33 MP: 2/2
  1208 | D:3      | Reached skill level 5 in Maces & Flails
  1208 | D:3      | Reached XP level 4. HP: 40/40 MP: 3/3
  1748 | D:3      | Reached XP level 5. HP: 47/47 MP: 4/4
  1750 | D:3      | Reached *** piety under Trog
  1850 | D:3      | Reached skill level 6 in Maces & Flails
  1888 | D:3      | Killed from afar by an orc priest

Levels and vault maps discovered:
D:1:      lightli_arrival_noodles, layout_basic
D:2:      layout_rooms, first_ration
D:3:      cheibrodos_fertilizer, layout_loops_cross,
          nicolae_overflow_hidden_temple, st_stairs_13

Skill      XL: |  1  2  3  4  5 |
---------------+----------------+-----
Maces & Flails | 4 5 6 |  6.0
Fighting       | 4 |  4.9
Armour         | 3 4 |  4.0
Dodging        | |  2.1

Action                   |  1- 3 |  4- 6 || total
-------------------------+-------+-------++-------
Melee: Mace              |    56 |    59 ||   115
       Headbutt          |    10 |    10 ||    20
Invok: Berserk           |     1 |     1 ||     2
       Trog's Hand       |       |     1 ||     1
  Use: Scroll            |     3 |       ||     3
  Eat: Chunk             |     2 |     1 ||     3
       Ration            |       |     1 ||     1
Armor: Animal skin       |    12 |       ||    12
       Ring mail         |     8 |     2 ||    10
       Chain mail        |       |    16 ||    16
Dodge: Dodged            |    61 |    57 ||   118
Block: Other             |     2 |     7 ||     9

Table legend:
 A = Non-vault XP
 B = Vault XP
 C = Vault XP percentage of total XP
 D = Non-vault monster count
 E = Vault monster count
 F = Vault count percentage of total count
                 A         B        C        D         E       F
            +---------+---------+-------+---------+---------+-------
      Total |     149 |     147 |  49.7 |      57 |      17 |  23.0
            +---------+---------+-------+---------+---------+-------
        D:1 |      49 |       0 |   0.0 |      27 |       0 |   0.0
        D:2 |      44 |       0 |   0.0 |      10 |       0 |   0.0
        D:3 |      56 |     147 |  72.4 |      20 |      17 |  45.9
            +---------+---------+-------+---------+---------+-------
